← All builds
Tech / Armada / Economy first / OBSERVED BUILD

Fast fusion

Armada Tech (Eco) build order · Supreme Isthmus

Follows the standard T2 opening but pushes a Fusion Reactor out by about 8:46, well ahead of the normal 12:00 timing, to power a bigger team push later.

Usually first T2 con to Geo (84%)

#eco #t2 · 86 distinct matches · 30 players · 5% of Armada Tech games · team won 58% of 89 · Recently observed

THE CATCH, AND WHAT COMES WITH IT
  • Fusion ReactorFusion Reactor from 8:43 · 14% of role by thenOnly 14% of Tech games have it by then; others who build it get it around 11:05

Then transitions into anti-nuke (27% of army), Armageddon (9% of army).

HOW TO PLAY IT

Key timing: Fusion Reactor by 8:46

  1. Open standard Bot Lab into Advanced Bot Lab like typical Tech play.
  2. Finish advanced bot lab and advanced metal extractor on normal schedule.
  3. Push out Fusion Reactor far earlier than the usual 12:02 norm.
  4. Roll into standard Citadel and Armageddon play once fusion is up.

Phase by phase

TYPICAL OF ITS 86 GAMES · AGAINST STANDARD TECH
  1. 1
  2. 2
  3. 3
  4. 4
  5. 5
PLAY THE OPENING

Follow the example game's first 9:43 step by step: what to build now, what comes next, and where it goes. At 1× it keeps pace with your own game.

  1. 1

    Up to the Bot Lab

    Economy
    • Metal Extractor3Mex
    • Wind Turbine3Wind
    Order
    1. Bot LabBot Lab after 3 mex, 3 winddone ~1:12, middle half 1:08–1:17

    By 0:56 in all: 3 mex · 3 wind

    The example game in this phase · 5 steps
    1. Mex ×3
    2. Wind ×4
    3. Energy storage
    4. Wind
    5. Bot LabBot Labdone 1:33 · typical 1:12
  2. 2

    Bot Lab to Advanced Bot Lab

    Economy
    • Metal Extractor1Mex
    • Wind Turbine9Wind
    • Energy Storage1Energy storage
    Order
    1. Advanced Bot LabAdvanced Bot Lab after 4 mex, 11 wind, 3 con turretdone ~4:10, middle half 4:00–4:21
    Builders
    • Construction Turret3 Con turret
    • Lazarus4 Lazarus
    • Construction Bot1 Con bot
    • Construction Bot1 Con bot for allies

    Some games also: converter (44%)

    By 3:09 in all: 4 mex · 11 wind · 1 energy storage · 3 con turret

    The example game in this phase · 16 steps
    1. Construction BotCon bot
    2. Wind
    3. LazarusLazarus
    4. Wind ×3
    5. Solar
    6. Mex
    7. LazarusLazarus ×2
    8. Construction BotCon bot ×2
    9. Wind ×2
    10. Con turret
    11. Wind ×2
    12. Con turret
    13. Wind
    14. Con turret
    15. Wind ×2
    16. Advanced Bot LabAdvanced Bot Labdone 4:42 · typical 4:10
  3. 3

    Advanced Bot Lab to 5:00

    Economy
    • Wind Turbine4Wind
    Order
    1. Bot LabEat Bot Lab
    Builders
    • Advanced Construction Bot1 T2 con bot for allies

    Some games also: converter (48%)

    By 5:00 in all: 4 mex · 17 wind · 3 converter · 1 energy storage · 3 con turret

    The example game in this phase · 9 steps
    1. Wind
    2. Bot LabEat Bot Labreclaimed for its metal
    3. Wind ×4
    4. Converter
    5. Wind ×3
    6. Converter
    7. Wind ×3
    8. Converter
    9. Wind
  4. 4

    5:00 to Fusion Reactor

    Economy
    • Wind Turbine27Wind+8 vs standard
    • Energy Converter4Converter+4 vs standard
    Order
    1. Fusion ReactorFusion Reactor after 4 mex, 43 wind, 8 converterdone ~10:04, middle half 9:36–10:25
    Builders
    • Butler8 Butler +4 vs standard
    • Advanced Construction Bot3 T2 con bot for allies
    • Advanced Construction Bot1 T2 con bot

    Some games also: con turret (48%)

    By 8:43 in all: 4 mex · 43 wind · 8 converter (standard 4) · 1 energy storage · 3 con turret

    The example game in this phase · 49 steps
    1. Wind ×2
    2. Advanced Construction BotT2 con botfor Geo
    3. Wind
    4. Converter
    5. Wind
    6. Advanced Metal ExtractorT2 mexdone 5:49 · typical 5:14
    7. Converter
    8. Wind
    9. Converter
    10. Wind ×3
    11. SharpshooterSniper botfor Ponddone 6:34
    12. Wind
    13. Converter
    14. Wind
    15. Converter
    16. Wind ×2
    17. Converter
    18. Advanced Construction BotT2 con botfor Air
    19. Wind
    20. Converter
    21. Wind
    22. Advanced Metal ExtractorT2 mex
    23. Wind
    24. Converter
    25. Advanced Metal ExtractorT2 mex
    26. Wind
    27. Converter
    28. Advanced Construction BotT2 con botfor Front
    29. Wind
    30. Con turret
    31. Converter
    32. ButlerButler
    33. Wind
    34. Con turret
    35. Advanced Metal ExtractorT2 mex
    36. ButlerButler
    37. Converter
    38. Wind ×2
    39. Converter
    40. Wind
    41. Advanced Construction BotT2 con botfor Beach sea
    42. Wind
    43. Converter
    44. Wind
    45. Converter
    46. Wind ×2
    47. Converter
    48. Wind ×2
    49. Fusion ReactorFusiondone 10:12 · typical 10:04
  5. 5

    Fusion Reactor to 15:00

    Economy
    • Wind Turbine88Wind−54 vs standard
    • Energy Converter51Converter
    Order
    1. Advanced Bot LabEat Advanced Bot Lab
    2. Fusion ReactorFusion after 83 wind, 19 converter, 7 con turretin 67% of games
    3. CitadelAnti-nuke after 95 wind, 31 converter, 8 con turretin 53% of games
    Builders
    • Construction Turret10 Con turret

    Some games also: Aircraft Plant (44%) · Advanced Fusion Reactor (36%) · Tracer (36%) · metal storage (33%)

    The standard build makes here, this one skips: 5 Butler

    By 15:00 in all: 4 mex · 142 wind · 2 fusion · 60 converter (standard 45) · 1 energy storage · 1 metal storage

    The example game in this phase · 151 steps
    1. Wind
    2. Advanced Construction BotT2 con botfor Pond
    3. Converter
    4. Wind
    5. Converter
    6. Wind
    7. Advanced Construction BotT2 con bot
    8. Wind ×4
    9. Converter
    10. Wind ×4
    11. Metal storage
    12. Advanced Construction BotT2 con botfor Geo sea
    13. Wind ×3
    14. Converter
    15. ButlerButler
    16. Wind ×3
    17. ButlerButler ×2
    18. Wind
    19. ButlerButler
    20. Advanced Construction BotT2 con bot
    21. Wind
    22. Converter
    23. Wind
    24. ButlerButler
    25. Wind
    26. ButlerButler
    27. Wind ×2
    28. ButlerButler
    29. Wind
    30. ButlerButler
    31. Wind ×2
    32. ButlerButler
    33. Wind ×3
    34. Converter
    35. Wind
    36. Converter
    37. Wind
    38. Fusion ReactorFusion
    39. Wind
    40. Converter ×2
    41. Wind ×2
    42. Con turret
    43. Converter
    44. Wind ×2
    45. Converter ×2
    46. Wind ×2
    47. Converter ×3
    48. Wind ×2
    49. Con turret
    50. Advanced Bot LabEat Advanced Bot Labreclaimed for its metal
    51. Converter
    52. Wind
    53. Converter
    54. Wind
    55. Con turret
    56. Wind
    57. Converter
    58. Wind
    59. Converter
    60. Wind ×2
    61. Converter ×2
    62. Wind ×2
    63. Converter ×3
    64. Wind ×2
    65. Converter
    66. Con turret
    67. Converter
    68. Con turret
    69. Wind ×2
    70. Converter ×2
    71. Con turret
    72. Wind
    73. Con turret
    74. Wind
    75. Converter ×2
    76. Con turret
    77. Wind
    78. Con turret
    79. Wind
    80. Converter ×2
    81. Aircraft PlantAircraft Plantdone 13:01
    82. Wind ×2
    83. Aircraft PlantAircraft Plantdone 13:04
    84. Converter ×2
    85. FinchFinch ×3
    86. Wind
    87. Converter
    88. FinchFinch ×2
    89. Wind
    90. WhirlwindWhirlwind
    91. FinchFinch
    92. Converter
    93. WhirlwindWhirlwind ×2
    94. Wind
    95. WhirlwindWhirlwind
    96. Wind
    97. Converter ×2
    98. WhirlwindWhirlwind ×2
    99. Wind
    100. Converter
    101. WhirlwindWhirlwind
    102. Wind
    103. WhirlwindWhirlwind
    104. Converter ×2
    105. Wind
    106. WhirlwindWhirlwind ×2
    107. Converter ×2
    108. Wind
    109. Converter
    110. Wind
    111. WhirlwindWhirlwind ×2
    112. Converter ×2
    113. WhirlwindWhirlwind ×2
    114. Wind
    115. Converter
    116. Wind
    117. Converter ×2
    118. WhirlwindWhirlwind ×2
    119. Wind
    120. WhirlwindWhirlwind
    121. Converter
    122. Wind
    123. Converter
    124. WhirlwindWhirlwind ×2
    125. Converter
    126. Wind
    127. WhirlwindWhirlwind
    128. Wind
    129. Converter ×2
    130. Wind ×2
    131. Converter
    132. Wind
    133. Converter
    134. Wind
    135. Converter
    136. Wind
    137. Converter
    138. Wind ×2
    139. Converter
    140. Wind
    141. Converter
    142. Wind ×2
    143. Converter ×2
    144. Wind ×2
    145. Converter
    146. Wind
    147. Converter
    148. Wind
    149. Converter
    150. Wind ×2
    151. Converter

Counts are medians over the build's games: half of them build more, half fewer. The example game is darkstar23's (35 OS, 04/10/2026); pick another.

Team trades

IN AT LEAST 30% OF ITS GAMES

You hand over

  • Construction Bot1 Con bot to Airfirst at 2:20 · in 88% of games
  • Advanced Construction Bot5 T2 con bot to Pond or Air or Beach seafirst at 4:40 · in 100% of games

You get

  • Hercules1 Light transport from Airfirst at 3:46 · in 85% of games

How it plays out

Typical game of this build against the role’s standard build, running totals by minute

  • This build
  • Standard tech

Metal produced

020k40k
0:005:0010:0015:00

metal

Enemy metal destroyed

0100200300
0:005:0010:0015:00

metal

Own metal lost

0100200300
0:005:0010:0015:00

metal

89 games.

Show as table
ByMetal produced: This buildMetal produced: Standard techEnemy metal destroyed: This buildEnemy metal destroyed: Standard techOwn metal lost: This buildOwn metal lost: Standard tech
1:003843830000
2:009189160000
3:00175316450000
4:00334931620000
5:00492348630000
6:00608558050000
7:00783072400000
8:00997791110000
9:0012648112500000
10:0017125135930000
11:0020580164500000
12:0024466199910000
13:0027912237590000
14:003209827606073081
15:003712231694512930204
WHAT THE NUMBERS SAY

Team won more often than the standard build, with clearly higher metal production and fewer own losses by 15:00.

  • + Team won 62% of games versus 53% for the standard build.
  • + Metal produced by 15:00 was much higher than standard (36964 vs 31665).
  • − Enemy metal destroyed by 15:00 was far lower than standard (51 vs 310).
  • − Only 14% of role games reach fusion this early, so timing is hard to hit.
THE EXAMPLE YOU ARE READING

darkstar23

35.2 OS · 04/10/2026

Open source match ↗

2 received units · includes a constructor
2950 metal received · 37908 energy received

Allied construction assistance is unknown. Timings are observations, not a promise of solo reproducibility.

Typical milestones

Bot Lab1:12Middle 50%: 1:08–1:17 · n=89
Advanced Bot Lab4:10Middle 50%: 4:00–4:21 · n=89
Advanced Metal Extractor5:14Middle 50%: 4:57–5:35 · n=89
Fusion Reactor10:04Middle 50%: 9:36–10:25 · n=84

Played most by

Teaner24games of this buildSyphos8games of this buildKOT_7games of this buildWashedGamuer7games of this buildImmort5games of this build